Map: 2000 Atmospheres LE

Players

A.I. 1 (Very Easy) - Winner!

  • Race: Terran Terran

RustyShacky

  • Race: Terran Terran
  • League: Platinum

VOD

Have the link to the VOD?

Description

Time

  • Played on: March 21, 2022, 12:58 a.m.
  • Length: 9:57
Show
View Real Time Build Order
Export as new Build Order

A.I. 1 (Very Easy) Terran - Winner!

Build Orders: Reaper Expand 

Get SALT Encoding   

  12  0:00  SCV  
  13  0:13  SCV  
  14  0:18  Supply Depot  
  14  0:42  Barracks  
  14  1:02  Command Center  
  14  1:30  Supply Depot, Orbital Command  
  14  1:31  Marine  
  15  1:36  Refinery  
  15  1:48  Refinery  
  15  1:56  SCV  
  16  2:08  SCV  
  17  2:14  SCV  
  18  2:16  Reaper  
  18  2:21  SCV  
  20  2:28  SCV  
  21  2:35  SCV  
  22  2:42  SCV  
  23  2:45  Refinery  
  23  2:50  SCV  
  24  2:57  SCV, Marine  
  26  3:04  SCV  
  27  3:10  Factory  
  27  3:12  SCV  
  27  3:34  Refinery, SCV  
  27  3:39  Marine  
  29  3:41  SCV  
  30  3:49  SCV  
  31  3:56  SCV, Starport  
  31  3:59  Supply Depot  
  32  4:03  SCV  
  33  4:10  SCV  
  34  4:17  SCV  
  34  4:20  Reaper  
  36  4:24  SCV  
  37  4:32  SCV  
  37  4:35  Starport Tech Lab  
  38  4:39  SCV  
  38  4:41  Supply Depot  
  39  4:46  SCV  
  40  4:53  SCV  
  40  4:55  Raven  
  43  5:00  SCV  
  43  5:02  Marine  
  45  5:07  SCV  
  46  5:14  SCV  
  47  5:22  SCV  
  48  5:38  Raven  
  50  5:43  Marine  
  51  6:02  Barracks Tech Lab  
  51  6:25  Marauder  
Show
View Real Time Build Order
Export as new Build Order

RustyShacky Terran 

Build Orders: Cyclone Opening 

Get SALT Encoding   

  12  0:00  SCV  
  13  0:12  SCV  
  14  0:17  Supply Depot  
  14  0:24  SCV  
  15  0:38  SCV  
  15  0:40  Barracks  
  16  0:44  Refinery  
  16  0:50  SCV  
  16  0:52  Refinery  
  17  1:03  SCV  
  18  1:15  SCV  
  19  1:27  Orbital Command, Reaper  
  19  1:28  Supply Depot  
  20  1:42  Factory  
  20  1:53  SCV  
  21  1:59  Reaper  
  22  2:05  SCV  
  23  2:17  SCV  
  24  2:25  Factory Tech Lab  
  24  2:29  SCV, Command Center  
  25  2:37  Barracks Reactor  
  25  2:41  SCV  
  29  2:44  Cyclone  
  29  2:49  Starport  
  29  2:53  SCV  
  30  3:03  Supply Depot  
  30  3:05  SCV  
  31  3:19  Refinery  
  31  3:24  Marine x2  
  31  3:25  SCV  
  31  3:26  Starport Tech Lab  
  34  3:37  Supply Depot, SCV  
  34  3:40  Siege Tank  
  38  3:49  SCV  
  38  3:50  Raven  
  41  3:55  Marine  
  41  3:56  Marine  
  41  4:01  Orbital Command  
  43  4:03  SCV  
  43  4:08  Supply Depot  
  44  4:13  Siege Tank  
  44  4:15  SCV  
  48  4:18  Marine x2  
  50  4:27  SCV  
  50  4:29  SCV  
  52  4:35  Supply Depot  
  52  4:39  SCV  
  52  4:40  Raven  
  52  4:41  SCV  
  52  4:43  Marine x2  
  58  4:51  SCV  
  59  4:53  SCV  
  59  4:58  Supply Depot  
  59  4:59  Siege Tank  
  63  5:03  Marine x2, SCV  
  63  5:05  SCV  
  67  5:15  Command Center  
  67  5:16  SCV  
  67  5:17  SCV  
  69  5:25  Refinery  
  69  5:28  SCV  
  70  5:29  SCV  
  70  5:35  Barracks  
  71  5:36  Barracks  
  71  5:37  Siege Tank  
  71  5:40  SCV  
  71  5:41  SCV  
  76  5:43  Stimpack  
  76  5:48  Viking  
  76  5:49  Viking  
  80  5:52  SCV  
  80  5:53  SCV  
  80  5:54  Supply Depot  
  80  5:56  Marine  
  83  6:11  Engineering Bay  
  83  6:14  Engineering Bay, Marine, SCV x2  
  86  6:19  Siege Tank  
  86  6:21  Supply Depot  
  89  6:25  Barracks Reactor  
  89  6:26  SCV x2, Barracks Reactor  
  89  6:29  Supply Depot  
  91  6:35  Barracks  
  91  6:39  Terran Infantry Weapons Level 1  
  91  6:40  Terran Infantry Armor Level 1  
  91  6:41  Barracks  
  91  6:46  Supply Depot  
  91  6:50  Viking x2  
  91  6:51  Marine  
  96  6:55  Orbital Command  
  96  6:57  SCV  
  96  6:58  SCV  
  98  7:04  Marine x2  
  98  7:05  Marine  
  98  7:06  Marine  
  102  7:09  Supply Depot, SCV  
  102  7:10  SCV  
  102  7:12  Siege Tank  
  102  7:14  Marine  
  108  7:20  Medivac x2  
  112  7:23  SCV x2  
  112  7:24  Sensor Tower  
  112  7:25  SCV  
  115  7:30  Barracks Reactor  
  115  7:31  Barracks Reactor  
  115  7:34  Marine  
  115  7:35  Marine x3, SCV x2  
  122  7:37  SCV  
  122  7:40  Supply Depot  
  122  7:43  Supply Depot, Marine  
  123  7:46  Siege Tank  
  123  7:47  SCV x2  
  123  7:48  Combat Shield  
  123  7:49  SCV  
  129  7:54  Refinery  
  129  7:55  Refinery  
  129  7:59  SCV x2  
  129  8:01  SCV  
  132  8:06  Supply Depot  
  132  8:07  Supply Depot  
  132  8:08  Marine x8  
  142  8:17  Viking x2, Armory  
  144  8:25  Factory  
  144  8:30  Siege Tank  
  144  8:31  Marine x9  
  156  8:49  Supply Depot, Marine x9  
  156  8:50  Supply Depot  
  156  8:51  Supply Depot  
  165  8:57  Medivac x2  
  169  9:04  Siege Tank  
  172  9:11  Marine x9  
  172  9:13  Supply Depot  
  181  9:26  Factory Tech Lab  
  181  9:27  Command Center  
  181  9:29  Marine x5  
Tags
 
Add a new tag
Caveats
  • Supply blocks, unpowered buildings, or Contaminate may cause inaccurate times.
  • Supply counts are checked every 10 seconds.